 Dungeon Crawl Stone Soup version 0.31-a0-841-g038b102fc3 (webtiles) character file.

Game seed: 108095701195609248

1971 LeprechaunX the Changeling (level 9, -1/61 HPs)
             Began as an Octopode Shapeshifter on Sept 28, 2023.
             Slain by a yak (12 damage)
             ... on level 5 of the Dungeon.
             The game lasted 00:07:44 (4752 turns).

LeprechaunX the Changeling (Octopode Shapeshifter)  Turns: 4752, Time: 00:07:44

Health: -1/61      AC:  1    Str: 18    XL:     9   Next: 20%
Magic:  9/9        EV: 14    Int: 12    God:
Gold:   216        SH:  0    Dex: 11    Spells: 8/8 levels left

rFire   . .          .
                       - Unarmed
rCold   . . .        (no shield)
rNeg    . . .        (helmet currently unavailable)
rPois   .            (no amulet)
rElec   .            (no ring)
rCorr   .            (no ring)
SInv    .            (no ring)
Will    .....        (no ring)
Stlth   ++           (no ring)
HPRegen 0.30/turn    (no ring)
MPRegen 0.11/turn    (no ring)
                     (no ring)

%: no passive effects
@: beast-form
A: beast (slay +4), almost no armour, amphibious, 8 rings, camouflage 1,
gelatinous body 1, (nimble swimmer 1), tentacles
a: Begin Untransformation


You were on level 5 of the Dungeon.
You were a hulking beast.
You visited 1 branch of the dungeon, and saw 5 of its levels.
You also visited: Sewer.

You collected 216 gold pieces.

Inventory:

Hand Weapons
 a - a +0 sling of flaming
Missiles
 m - 10 javelins (quivered)
 y - 4 boomerangs
Jewellery
 q - a ring of ice
Talismans
 b - a beast talisman (active)
 c - a flux talisman
Scrolls
 d - 5 scrolls of immolation {unknown}
 f - a scroll of fear {unknown}
 i - 4 scrolls of teleportation {unknown}
 k - a scroll of fog {unknown}
 l - 3 scrolls of identify {unknown}
 n - a scroll of enchant weapon {unknown}
 o - a scroll of revelation {unknown}
 s - 2 scrolls of vulnerability {unknown}
 t - a scroll of acquirement {unknown}
 u - 2 scrolls of poison {unknown}
 A - a scroll of blinking {unknown}
 B - a scroll of summoning {unknown}
Potions
 e - a potion of heal wounds
 g - a potion of ambrosia {unknown}
 h - 3 potions of curing {unknown}
 j - 2 potions of might {unknown}
 p - a potion of magic {unknown}
 r - a potion of lignification
 v - a potion of invisibility {unknown}
 w - a potion of enlightenment {unknown}
 x - a potion of haste {unknown}
 z - 2 potions of attraction {unknown}


   Skills:
 + Level 5.1 Fighting
 + Level 5.5 Dodging
 + Level 6.0 Unarmed Combat
 * Level 7.5 Shapeshifting


You had 8 spell levels left.
You didn't know any spells.
Your spell library contained the following spells:

 Spells                   Type           Power      Damage    Failure   Level
 Necrotise                Necr           0%         1d4       32%         1
 Poisonous Vapours        Pois/Air       0%         N/A       45%         2
 Gell's Gravitas          Tloc           0%         N/A       69%         3
 Mephitic Cloud           Conj/Pois/Air  0%         N/A       69%         3
 Teleport Other           Tloc           0%         N/A       69%         3
 Vampiric Draining        Necr           0%         2d6       69%         3
 Agony                    Necr           0%         N/A       100%        5
 Freezing Cloud           Conj/Ice/Air   0%         6-21      100%        5
 Dispersal                Tloc           0%         N/A       100%        6
 Haunt                    Necr/Summ      0%         N/A       100%        7
 Borgnjor's Revivificati  Necr           0%         N/A       100%        8
 Death's Door             Necr           0%         N/A       100%        9


Dungeon Overview and Level Annotations

Branches:
Dungeon (5/15)              Sewer (visited)
 Temple: D:4-7

Altars:
Dithmenos
Nemelex Xobeh
Ru

Shops:
D:5 :

Annotations:
D:3 Jessica


Innate Abilities, Weirdness & Mutations

You are a hulking beast.
Your limbs bulge with bestial killing power. (Slay +4)
You cannot wear most types of armour.
You are amphibious.
You can wear up to eight rings at the same time.
Your skin changes colour to match your surroundings (Stealth+).
Your rubbery body absorbs attacks. (AC +1, EV +1)
((You are camouflaged when in or above water. (Stealth+)))
You have tentacles for arms and can constrict up to eight enemies at once.


Message History

A yak comes into view.
The yak moves out of view.
A yak comes into view.
A yak is nearby!
The yak bellows! x2
You bludgeon the yak!
The yak is moderately wounded.
You hear a bellow!
A yak comes into view.
The yak misses you.
You tentacle-slap the yak. Your squeeze misses the yak.
The yak is heavily wounded.
The yak gores you! The yak closely misses you.
You tentacle-slap the yak. You squeeze the yak!
The yak is almost dead.
The yak gores you! The yak gores you.
You barely miss the yak. The yak gores you!
You feel much better. The yak closely misses you.
You bludgeon the yak! Your squeeze misses the yak.
The yak is lightly wounded.
The yak gores you! The yak attacks as it pursues you!
The yak completely misses you.
You tentacle-slap the yak. Your squeeze misses the yak.
The yak is almost dead.
The yak gores you!
You tentacle-slap the yak.
You kill the yak!
Your Unarmed Combat skill increases to level 6!
You tentacle-slap the yak but do no damage.
You squeeze the yak!
The yak is moderately wounded.
The yak gores you.
You tentacle-slap the yak. You squeeze the yak.
The yak is heavily wounded.
The yak gores you!
* * * LOW HITPOINT WARNING * * *
You barely miss the yak.
The yak is heavily wounded.
The yak gores you!
You die...

).# #.##.##.# ..# #.......#
..# # ###### ####.#### ..#####
#.###....#######)# ).....#
#...........รท....# .####.#
###.###.....##..# .####.######
#Y..####.###..# ...#.......#
#Y#..#.###.#.)# #..#.......#
#h##..###..#))# #.......##)#
###.##..........#
......#.##.###...###...#.)#..#
#.##..#.....#..#.#.#.....8#..#
..##........#.##.##.##8.###..#
.####.........##.#.#...## #..#
...########.#....#.###..# #..#
...# ####.####.##.##.## #..#
...# #....# #.###.######..#


You could see 2 yaks.

Vanquished Creatures
  Sigmund (D:5)
  3 yaks (D:5)
  A water moccasin (D:5)
  An orc warrior (D:5)
  An ice beast (D:5)
  An ogre (D:5)
  2 phantoms (D:4)
  2 scorpions (D:5)
  A howler monkey (D:2)
  A centaur zombie (D:4)
  3 hounds
  An orc priest (D:5)
  A sleepcap (D:4)
  3 iguanas
  4 orc wizards
  A hound zombie (D:4)
  A hound skeleton (D:4)
  A howler monkey zombie (D:4)
  2 gnolls
  Robin (D:3)
  10 adders
  4 river rats
  2 white imps (D:5)
  3 worms
  A dart slug (D:1)
  18 orcs
  8 bats
  7 endoplasms
  9 giant cockroaches
  12 goblins
  9 hobgoblins
  5 jackals
  3 quokkas
  7 ball pythons
  8 frilled lizards (Sewer)
  4 kobolds
  2 quokka skeletons (D:4)
  12 rats
156 creatures vanquished.

Notes
Turn   | Place    | Note
-------+----------+-------------------------------------------
     0 | D:1      | LeprechaunX the Octopode Shapeshifter began the quest for
                  | the Orb.
     0 | D:1      | Reached XP level 1. HP: 13/13 MP: 1/1
   236 | D:1      | Reached XP level 2. HP: 9/18 MP: 2/2
   395 | D:1      | Reached XP level 3. HP: 23/23 MP: 3/3
   599 | D:2      | Reached XP level 4. HP: 29/29 MP: 4/4
   705 | D:2      | Found a faded altar of an unknown god.
  1218 | D:3      | Reached skill level 4 in Shapeshifting
  1287 | D:3      | Found a shadowy altar of Dithmenos.
  1363 | D:3      | Noticed Jessica
  1386 | D:3      | Reached XP level 5. HP: 21/34 MP: 5/5
  1565 | D:3      | Noticed Robin
  1582 | D:3      | Killed Robin
  1591 | D:3      | Found a sparkling altar of Nemelex Xobeh.
  1599 | D:3      | Found a glowing drain.
  1624 | Sewer    | Entered a sewer
  1861 | Sewer    | Reached XP level 6. HP: 41/41 MP: 6/6
  2595 | D:4      | Reached skill level 5 in Shapeshifting
  2607 | D:4      | Reached XP level 7. HP: 10/46 MP: 7/7
  3037 | D:4      | HP: 1/46 [something (4)]
  3413 | D:5      | Entered Level 5 of the Dungeon
  3616 | D:5      | Reached XP level 8. HP: 22/54 MP: 8/8
  3735 | D:5      | Noticed a yak
  3736 | D:5      | Noticed a yak
  3755 | D:5      | Killed a yak
  3756 | D:5      | Reached skill level 5 in Unarmed Combat
  3756 | D:5      | Reached skill level 6 in Shapeshifting
  3777 | D:5      | Killed a yak
  4206 | D:5      | Reached skill level 5 in Dodging
  4311 | D:5      | Found a sacrificial altar of Ru.
  4376 | D:5      | Reached skill level 7 in Shapeshifting
  4490 | D:5      | Found Leatt's Tiny Tomes.
  4509 | D:5      | Reached XP level 9. HP: 56/60 MP: 9/9
  4599 | D:5      | Noticed Sigmund
  4610 | D:5      | Killed Sigmund
  4611 | D:5      | Reached skill level 5 in Fighting
  4654 | D:5      | Identified the +3 dagger of the Eggplant {venom, rPois
                  | Str+3}
  4752 | D:5      | Slain by a yak

Illustrated notes

Levels and vault maps discovered:
D:1:      elethiomel_arrival_infinity_welcomes_careful_drivers, layout_rooms
D:2:      layout_rooms, chequers_ecumenical_altar_simple
D:3:      layout_loops_ring, nemelex_dance_club_becter,
          nicolae_dithmenos_through_a_glass_darkly, portal_sewer_entry_a,
          serial_bayou_pond_b, uniq_robin, uniq_jessica
D:4:      layout_basic, serial_undead, serial_undead_b, serial_undead_f,
          serial_undead_f, serial_undead_f
D:5:      minmay_angry_zag, layout_loops_cross, lemuel_crystal_altar,
          nicolae_shop_i_like_small_books_too, guppyfry_early_orc_mine,
          uniq_sigmund

Skill      XL: |  1  2  3  4  5  6  7  8  9 |
---------------+----------------------------+-----
Fighting       | 2 3 4 5 |  5.1
Shapeshifting  | 4 5 7 |  7.5
Dodging        | 3 4 5 |  5.5
Unarmed Combat | 4 5 6 |  6.0

Action                     |  1- 3 |  4- 6 |  7- 9 || total
---------------------------+-------+-------+-------++-------
  Melee: Unarmed           |    28 |   164 |   125 ||   317
         Tentacles         |    11 |    35 |    35 ||    81
         Constrict         |     9 |    31 |    23 ||    63
         Punch             |     1 |     5 |     3 ||     9
   Fire: Sling             |       |       |    31 ||    31
    Use: Potion            |       |       |     2 ||     2
   Stab: Sleeping          |     5 |    13 |       ||    18
         Distracted        |       |       |     1 ||     1
 Armour: Skin              |    13 |    56 |    69 ||   138
  Dodge: Dodged            |    13 |   101 |    73 ||   187

Table legend: (Time is in decaauts)
 A = Elapsed time spent in this place.
 B = Non-inter-level travel time spent in this place.
 C = Inter-level travel time spent in this place.
 D = Time resting spent in this place.
 E = Time spent auto-exploring this place.
 F = Levels seen in this place.
 G = Mean time per level.
                   A        B        C        D        E       F      G
               +--------+--------+--------+--------+--------+-----+--------+
         Total |   4733 |   4545 |    188 |    594 |   2824 |   6 |  788.8 |
       Dungeon |   4236 |   4048 |    188 |    508 |   2566 |   5 |  847.2 |
         Sewer |    497 |    497 |      0 |     86 |    258 |   1 |  497.0 |
               +--------+--------+--------+--------+--------+-----+--------+

Top non-repeatable levels by time:
     D:5: 1338 daAuts
     D:4: 933 daAuts
     D:3: 779 daAuts
     D:2: 593 daAuts
     D:1: 591 daAuts
   Sewer: 497 daAuts
